 Dungeon Crawl Stone Soup version 0.28.0-53-g5a82cb258f (webtiles) character file.

Game seed: 17413227845771094998

5182 Eman85 the Digger (level 10, -6/121 HPs)
             Began as a Demigod Earth Elementalist on May 31, 2022.
             Killed by vampiric draining
             ... invoked by a vampire
              (8 damage)
             ... on level 9 of the Dungeon.
             The game lasted 00:23:32 (11594 turns).

Eman85 the Digger (Demigod Earth Elementalist)     Turns: 11594, Time: 00:23:33

Health: -6/121     AC:  9    Str:  9    XL:     10   Next: 12%
Magic:  5/22       EV: 14    Int: 29    God:
Gold:   355        SH:  5    Dex: 14    Spells: 12/20 levels left

rFire   . . .      SeeInvis .   w - +3 dagger (elec)
rCold   . . .      Faith    .   (no shield)
rNeg    + . .      Spirit   .   b - +0 robe
rPois   .          Reflect  +   (no helmet)
rElec   .          Harm     .   n - +0 cloak
rCorr   .          Rampage  .   J - +0 pair of gloves
Will    +....                   p - +0 pair of boots
Stlth   ..........              M - amulet of reflection
HPRegen 0.30/turn               x - +4 ring of protection
MPRegen 0.18/turn               H - ring of positive energy

@: brilliant, berserking (expiring), very quick
A: high MP 1, forlorn, divine attributes
a: no special abilities


You were on level 9 of the Dungeon.
You visited 1 branch of the dungeon, and saw 9 of its levels.

You collected 355 gold pieces.

Inventory:

Hand Weapons
 w - a +3 dagger of electrocution (weapon)
Missiles
 a - 24 poisoned darts
 c - 127 stones
 m - 4 javelins
 s - 4 boomerangs
 z - 2 throwing nets
Armour
 b - a +0 robe (worn)
 n - a +0 cloak (worn)
 p - a +0 pair of boots (worn)
 J - a +0 pair of gloves (worn)
Magical Staves
 l - a staff of fire
Jewellery
 x - a +4 ring of protection (left hand)
 H - a ring of positive energy (right hand)
 M - an amulet of reflection (around neck)
Wands
 q - a wand of paralysis (5)
 v - a wand of flame (28)
 E - a wand of iceblast (4)
Scrolls
 d - 5 scrolls of identify {unknown}
 e - a scroll of magic mapping {unknown}
 j - 2 scrolls of blinking {unknown}
 t - a scroll of enchant armour {unknown}
 y - a scroll of teleportation {unknown}
 A - a scroll of summoning {unknown}
 D - a scroll of holy word {unknown}
 G - a scroll of fear {unknown}
 I - a scroll of enchant weapon {unknown}
 K - a scroll of noise {unknown}
 L - a scroll of amnesia {unknown}
Potions
 g - a potion of invisibility {unknown}
 h - 4 potions of attraction
 o - a potion of might {unknown}
 r - a potion of brilliance
 u - a potion of resistance {unknown}
 B - a potion of magic {unknown}
 C - a potion of mutation {unknown}
 F - a potion of experience {unknown}


   Skills:
 * Level 5.0 Fighting
 + Level 1.6 Short Blades
 + Level 0.2 Throwing
 * Level 5.7 Dodging
 + Level 4.0 Stealth
 + Level 5.9 Spellcasting
 - Level 5.0 Conjurations
 * Level 4.6 Transmutations
 + Level 6.7 Earth Magic


You had 12 spell levels left.
You knew the following spells:

 Your Spells              Type           Power      Damage    Failure   Level
a - Sandblast             Erth           100%       2d20      1%          1
b - Stone Arrow           Conj/Erth      100%       3d13      1%          3
c - Petrify               Tmut/Erth      58%        N/A       5%          4

Your spell library contained the following spells:

 Spells                   Type           Power      Damage    Failure   Level
 Passwall                 Tmut/Erth      48%        N/A       1%          2
 Portal Projectile        Hex/Tloc       24%        N/A       17%         3
 Tukima's Dance           Hex            12%        N/A       17%         3
 Blade Hands              Tmut           26%        N/A       24%         5
 Anguish                  Hex/Necr       6%         N/A       50%         4
 Excruciating Wounds      Necr           6%         N/A       85%         5
 Summon Forest            Summ/Tloc      6%         N/A       85%         5
 Summon Mana Viper        Hex/Summ       12%        N/A       85%         5
 Summon Cactus Giant      Summ           6%         N/A       100%        6
 Enfeeble                 Hex            6%         N/A       100%        7


Dungeon Overview and Level Annotations

Branches:
Dungeon (9/15)             Temple (0/1) D:7            Lair (0/6) D:8
    Orc: D:9-12

Shops:
D:1 :

Annotations:
D:8 Harold


Innate Abilities, Weirdness & Mutations

You have an increased reservoir of magic. (+10% MP)
You shall have no god before yourself.
Your divine heritage dramatically boosts your attributes as you level up.


Message History

Deactivating autopickup; reactivate with Ctrl-A.
You hit the vampire but do no damage.
The vampire is moderately damaged.
Something hits you but does no damage.
The vampire hits you but does no damage.
The vampire barely misses you.
You hit the vampire but do no damage.
The vampire is moderately damaged.
You hear some strange, mumbled words.
A magic dart appears from out of thin air!
The magic dart hits you.
* * * LOW HITPOINT WARNING * * *
The vampire barely misses you. The vampire bites you.
* * * LOW HITPOINT WARNING * * *
The vampire draws strength from your injuries!
It was a potion of brilliance.
You feel clever all of a sudden. Something hits you but does no damage.
The vampire hits you!
* * * LOW HITPOINT WARNING * * *
The vampire bites you!
* * * LOW HITPOINT WARNING * * *
The vampire draws strength from your injuries!
You feel less attractive to monsters.
It was a potion of berserk rage.
A red film seems to cover your vision as you go berserk!
You feel yourself moving faster!
You feel mighty! Something hits you but does no damage.
The vampire barely misses you.
The vampire bites you but does no damage.
You feel a strong urge to attack something.
You feel less confused.
You hear some strange, mumbled words.
A puff of flame appears from out of thin air!
The puff of flame hits you.
* * * LOW HITPOINT WARNING * * *
You puncture the vampire!
The vampire is heavily damaged.
You puncture the vampire!
The vampire is severely damaged.
The vampire draws life force from you!
You die...

###########################..
###.....#.....@V.........))....
.##.........##...{.........###...
..........###...................
.###......# #...............###.
.###.....># #...............#
..........# #...............#
##..#.....###...............#
............................#
...........................##


You could see a vampire.

Vanquished Creatures
  A two-headed ogre (D:5)
  Psyche (D:8)
  A wraith (D:8)
  A wyvern (D:8)
  6 yaks (D:5)
  A steam dragon (D:8)
  2 water moccasins (D:8)
  An orc warrior (D:9)
  2 sky beasts
  2 black bears
  4 ogres
  A necrophage (D:6)
  A centaur (D:7)
  2 kobold brigands
  4 bullfrogs
  A scorpion (D:4)
  2 water moccasin zombies (D:5)
  A wyvern skeleton (D:7)
  A water moccasin skeleton (D:7)
  7 howler monkeys
  A centaur zombie (D:8)
  A bullfrog zombie (D:7)
  2 hounds
  A jelly (D:4)
  6 orc priests
  3 bullfrog skeletons (D:6)
  A gnoll shaman (D:7)
  Ijyb (D:4)
  2 iguanas
  7 orc wizards
  3 killer bee zombies
  A hound skeleton (D:4)
  8 gnolls
  A howler monkey zombie (D:8)
  9 adders
  A shadow imp (D:6)
  2 white imps
  2 ufetubi (D:5)
  36 orcs
  5 endoplasms
  2 giant cockroaches
  6 goblins
  3 hobgoblins
  2 jackals (D:2)
  4 quokkas
  4 ball pythons
  2 bats
  3 frilled lizards
  12 kobolds
  3 rats
176 creatures vanquished.

Notes
Turn   | Place    | Note
-------+----------+-------------------------------------------
     0 | D:1      | Eman85 the Demigod Earth Elementalist began the quest for
                  | the Orb.
     0 | D:1      | Reached XP level 1. HP: 14/14 MP: 5/5
   206 | D:1      | Found Ibuff's Book Boutique.
   723 | D:1      | Reached skill level 3 in Earth Magic
   912 | D:1      | Reached XP level 2. HP: 4/22 MP: 4/7
  1380 | D:2      | Reached XP level 3. HP: 27/27 MP: 6/8
  1410 | D:2      | Learned a level 3 spell: Stone Arrow
  1745 | D:2      | Reached skill level 1 in Fighting
  1814 | D:2      | Identified the +0 leather armour of the Nexus {Dex+2}
  1910 | D:3      | Reached XP level 4. HP: 34/35 MP: 4/10
  2164 | D:3      | Reached skill level 1 in Conjurations
  2371 | D:3      | Reached XP level 5. HP: 37/40 MP: 2/12
  2554 | D:3      | Noticed an ogre
  2561 | D:3      | Killed an ogre
  2562 | D:3      | Reached skill level 4 in Earth Magic
  3087 | D:3      | Reached XP level 6. HP: 48/48 MP: 1/13
  3182 | D:3      | Learned a level 4 spell: Petrify
  3262 | D:3      | You fall into a shaft and drop 1 floor!
  3653 | D:4      | Noticed Ijyb
  3657 | D:4      | Killed Ijyb
  4082 | D:4      | Reached skill level 1 in Transmutations
  4160 | D:4      | Reached XP level 7. HP: 55/55 MP: 1/15
  5360 | D:5      | Entered Level 5 of the Dungeon
  5814 | D:5      | Noticed a two-headed ogre
  5822 | D:5      | Killed a two-headed ogre
  5823 | D:5      | Reached skill level 5 in Earth Magic
  5823 | D:5      | Reached XP level 8. HP: 63/63 MP: 4/18
  6296 | D:5      | Reached XP level 9. HP: 22/71 MP: 0/20
  7046 | D:6      | Reached skill level 5 in Spellcasting
  7376 | D:6      | Reached skill level 1 in Short Blades
  7779 | D:6      | Reached skill level 5 in Dodging
  7918 | D:6      | Reached skill level 5 in Conjurations
  7918 | D:6      | Reached skill level 6 in Earth Magic
  8495 | D:7      | Found a staircase to the Ecumenical Temple.
  9543 | D:7      | Identified the +2 leather armour of a wizard's laboratory
                  | {-Cast Will+++ rCorr Dex+4}
 10109 | D:8      | Noticed Psyche
 10340 | D:8      | Found a staircase to the Lair.
 10452 | D:8      | Noticed Harold
 10779 | D:8      | Reached XP level 10. HP: 80/80 MP: 15/22
 11049 | D:8      | Killed Psyche
 11050 | D:8      | Reached skill level 5 in Fighting
 11590 | D:9      | HP: 2/81 [vampire (9)]
 11594 | D:9      | Killed from afar by a vampire

Illustrated notes

Levels and vault maps discovered:
D:1:      evilmike_arrival_rings, layout_basic,
          hellmonk_ecumenical_altar_pennies_from_heaven, serial_shops,
          shop_fountains
D:2:      layout_basic
D:3:      layout_loops_cross, minmay_increasing_density
D:4:      layout_layer_cave, uniq_ijyb
D:5:      layout_basic, hangedman_feature_mirror
D:6:      layout_basic, lemuel_old_faithful
D:7:      layout_basic, nicolae_tso_swordbearing_angel, temple_fountains
D:8:      layout_gridville, lair_entry_dummy, minmay_puff, uniq_harold,
          uniq_psyche
D:9:      layout_rooms

Skill      XL: |  1  2  3  4  5  6  7  8  9 10 |
---------------+-------------------------------+-----
Dodging        | 2 3 4 5 |  5.7
Earth Magic    | 3 4 5 6 |  6.7
Spellcasting   | 2 3 4 5 |  5.9
Fighting       | 1 2 3 4 5 |  5.0
Conjurations   | 1 2 4 5 |  5.0
Transmutations | 1 2 3 4 |  4.6
Stealth        | 2 3 4 |  4.0
Short Blades   | 1 |  1.6
Throwing       | |  0.2

Action                   |  1- 3 |  4- 6 |  7- 9 | 10-12 || total
-------------------------+-------+-------+-------+-------++-------
Melee: Short sword       |       |    19 |       |       ||    19
       Punch             |       |     2 |       |       ||     2
       Dagger            |       |    12 |    76 |    17 ||   105
Throw: Dart              |       |       |     3 |       ||     3
 Cast: Sandblast         |    45 |    50 |    19 |     2 ||   116
       Stone Arrow       |       |    37 |   129 |    17 ||   183
       Petrify           |       |     2 |     3 |     1 ||     6
  Use: Potion            |       |       |       |     7 ||     7
 Stab: Petrified         |       |     3 |    11 |     4 ||    18
       Sleeping          |       |       |     1 |       ||     1
Armor: Robe              |     5 |    12 |    35 |    21 ||    73
       Skin              |       |       |     1 |       ||     1
Dodge: Dodged            |    11 |    42 |    54 |    19 ||   126
